[Event "Early-Titled-Tuesday-Blitz-March-05-2024"]
[Site "Chess.com"]
[Date "2024.03.05"]
[Round "7"]
[White "Eliwood44"]
[Black "Veganator13"]
[Result "1-0"]
[WhiteElo "2512"]
[BlackElo "2319"]
[TimeControl "180+1"]
[EndTime "9:20:51 PST"]
[Termination "Eliwood44 won by resignation"]

1. d4 g6 2. c4 Bg7 3. Nc3 c5 4. d5 d6 5. e4 Nf6 6. Bd3 O-O 7. Nge2 e6 8. O-O exd5 9. exd5 a6 10. Bf4 Ng4 11.
h3 Ne5 12. Ng3 Nbd7 13. Re1 Nxd3 14. Qxd3 Ne5 15. Qf1 Qh4 16. Be3 Nxc4 17. Nge4 Nxe3 18. Rxe3 Be5 19. Rae1 f5 20. Nd2 f4 21. Rf3 g5 22.
Nc4 g4 23. Nxe5 dxe5 24. Rd3 gxh3 25. gxh3 f3 26. Re4 Qg5+ 27. Kh2 Bf5 28. Rxf3 Bxe4 29. Nxe4 Qh6 30. Rg3+ Kh8 31. Nxc5 Rf5 32. f3 Rg8 33.
Rxg8+ Kxg8 34. Ne4 Qf4+ 35. Kg2 Rf7 36. Qc4 Rg7+ 37.
Kf2 Qh2+ 38. Ke3 Qg1+ 39. Kd3 Qb1+ 40. Kc3 Qc1+ 41. Kb3 Qxc4+ 42. Kxc4 Kf7 43. Kc5 Ke7 44. d6+ Ke6 45. Kb6 Kd5 46. b3 Rf7 47. a4 Rf5 48. d7 Rf8 49. Kc7 Kd4 50. d8=Q+ Rxd8 51. Kxd8 b5 52.
axb5 axb5 53. Kc7 Ke3 54. Kb6 Kxf3 55. Ng5+ Kf4 56. Nxh7 b4 57. Nf6 Kg3 58. Kb5 Kxh3 59. Kxb4 Kg3 60. Kc5 Kf4 61. Kd5 1-0

[Event "Early-Titled-Tuesday-Blitz-March-05-2024"]
[Site "Chess.com"]
[Date "2024.03.05"]
[Round "7"]
[White "Dyadya81"]
[Black "Polish_fighter3000"]
[Result "1/2-1/2"]
[WhiteElo "2891"]
[BlackElo "3104"]
[TimeControl "180+1"]
[EndTime "9:20:52 PST"]
[Termination "Game drawn - insufficient material"]

1. e4 d5 2. exd5 Qxd5 3. Nc3 Qe5+ 4. Be2 Bg4 5. d4 Bxe2 6. Ngxe2 Qh5 7. Bf4 c6 8. Qd3 Nf6 9. O-O-O Na6 10. Be5 Nb4 11. Qc4 e6 12. a3 Nbd5 13. Ng3 Qg5+ 14. Kb1 Ng4 15. Nxd5 exd5 16. Qe2 Nxe5 17. dxe5 Bc5 18. h4 Qf4 19. Nh5 Qh6 20. g4 O-O 21. f4 Rfe8 22. g5 Qg6 23. Qg4 Qe6 24. f5 Qxe5 25. Nf6+ Kh8 26.
Nxe8 Rxe8 27. Rde1 Be3 28. f6 d4 29. Qd7 Kg8 30. Rhf1 c5 31. Rf5 Qe6 32. Qxe6 Rxe6 33.
Rxc5 gxf6 34. gxf6 Rxf6 35. Rc7 b6 36. Rxa7 h5 37. Rd7 Kg7 38. Rd5 Kg6 39. c3 Rf4 40. cxd4 Bxd4 41. Rd6+ f6 42. Rh1 Kf5 43. Rd5+ Kg4 44.
Ka2 f5 45. b4 Rf2+ 46. Kb3 Be3 47. a4 Kg3 48. a5 bxa5 49. bxa5 Kg2 50. Re1 f4 51. Rxh5 Rd2 52. a6 Kf2 53. Rb1 Rd7 54.
Ra5 f3 55. h5 Kg3 56. Kc4 f2 57. Kb5 Kg2 58. Raa1 Rh7 59. Kc6 Rh6+ 60. Kb7 Rxh5 61. a7 Rh7+ 62. Kb8 Rh8+ 63. Kb7 Rh7+ 64. Kb8 Bxa7+ 65.
Rxa7 Rxa7 66. Kxa7 f1=Q 67. Rxf1 Kxf1 1/2-1/2

[Event "Early-Titled-Tuesday-Blitz-March-05-2024"]
[Site "Chess.com"]
[Date "2024.03.05"]
[Round "7"]
[White "tolimachess"]
[Black "ZuraTqebuchava"]
[Result "1-0"]
[WhiteElo "2427"]
[BlackElo "2251"]
[TimeControl "180+1"]
[EndTime "9:20:53 PST"]
[Termination "tolimachess won on time"]

1. e4 g6 2. d4 Bg7 3. Nc3 c6 4. h3 d6 5. Be3 Nd7 6. Qd2 b5 7.
O-O-O Nb6 8. Bd3 Nc4 9. Bxc4 bxc4 10. Kb1 Rb8 11. Ka1 Qb6 12. Rb1 Nf6 13. f4 O-O 14. g4 Nd7 15. Nf3 c5 16. h4 cxd4 17. Bxd4 Bxd4 18.
Nxd4 e5 19. fxe5 dxe5 20. Nf3 Qf6 21. Rhf1 Nb6 22. g5 Qg7 23. Nd5 Nxd5 24. exd5 e4 25. Nd4 Bd7 26. Rf6 Rfe8 27. Qe3 Rb6 28. Rbf1 Rxf6 29. Rxf6 h5 30. Nc6 Bxc6 31. dxc6 Qf8 32.
a3 c3 33. Qxc3 e3 34. Rf1 e2 35. Re1 Qd6 36. c7 Qd1+ 37. Ka2 Rc8 38. b3 Rxc7 39. Rxd1 Rxc3 40. Re1 Re3 41. Kb2 Kf8 42. Kc1 Ke7 43. Kd2 Rh3 44. Rxe2+ Kd7 45. Re4 Kd6 46. Rc4 Rh2+ 47.
Kc3 Rg2 48. a4 Rg3+ 49. Kb4 Rg4 50. a5 a6 51. c3 Kd5 52. Rd4+ Kc6 53. Kc4 Rg2 54. b4 Rg3 55. Rf4 Re3 56. Rf6+ Kc7 57. Rxf7+ Kd6 58. Rf6+ Ke5 59. Rxg6 Re4+ 60. Kb3 Rxh4 61.
Rxa6 Rg4 62. Rh6 h4 63. a6 Kf5 64. a7 Kxg5 65. Rh8 1-0

[Event "Early-Titled-Tuesday-Blitz-March-05-2024"]
[Site "Chess.com"]
[Date "2024.03.05"]
[Round "7"]
[White "K_A_S_T_O_R"]
[Black "NikoTheodorou"]
[Result "0-1"]
[WhiteElo "2788"]
[BlackElo "3057"]
[TimeControl "180+1"]
[EndTime "9:20:59 PST"]
[Termination "NikoTheodorou won by resignation"]

1. e4 e5 2. Nf3 Nc6 3. Bb5 a6 4. Ba4 f5 5. d3 fxe4 6. dxe4 Nf6 7. O-O d6 8. Nc3 Be7 9. Bb3 Na5 10. Qd3 Nxb3 11.
axb3 O-O 12. Bg5 Kh8 13. Nd2 Nh5 14. Bxe7 Qxe7 15. Nd5 Qf7 16. Qf3 Be6 17. Qxf7 Rxf7 18. Ne3 Nf4 19. Rae1 a5 20. f3 b6 21. h4 Ng6 22. g3 Ne7 23. Kg2 Raf8 24. Rf2 g6 25. Ref1 Nc6 26. c3 Kg7 27. f4 Ne7 28. Rf3 exf4 29.
gxf4 b5 30. Kg3 Nc6 31. R3f2 Ne7 32. Ra1 Ra8 33. b4 a4 34. Nf3 Rff8 35. Nd4 Bd7 36.
Re2 c5 37. Ndc2 Bc6 38. Ng4 Rae8 39. Rae1 h6 40. bxc5 dxc5 41. Ne5 Rd8 42. Rg1 Be8 43. Kf3 Kh7 44. Ne3 Nc6 45. Nxc6 Bxc6 46. Ng4 Rd3+ 47. Re3 Rd2 48. Kg3 Rxb2 49. Ne5 Be8 50. Rd1 a3 51.
Rd6 a2 52. Ra6 b4 53. cxb4 cxb4 54. Nd3 Rb3 55. Rxa2 Bb5 56. Ra7+ Kg8 57. f5 gxf5 58. Kf4 Rxd3 59. Rxd3 Bxd3 60. e5 b3 61. Rb7 Bc4 62. Rb6 Re8 63. Kxf5 Bf7 64. Kf6 Re6+ 65. Rxe6 Bxe6 66.
Kxe6 b2 67. Kd7 b1=Q 68. e6 Qd3+ 69. Ke8 Qd6 70. e7 Qc6+ 71. Kd8 Kf7 72. h5 Qe8+ 0-1

[Event "Early-Titled-Tuesday-Blitz-March-05-2024"]
[Site "Chess.com"]
[Date "2024.03.05"]
[Round "7"]
[White "sorch29"]
[Black "Caroexpert"]
[Result "1-0"]
[WhiteElo "2461"]
[BlackElo "2603"]
[TimeControl "180+1"]
[EndTime "9:21:00 PST"]
[Termination "sorch29 won on time"]

1. d4 d5 2. c4 e6 3. Nc3 a6 4. cxd5 exd5 5. Bf4 Nf6 6. e3 c5 7. Nf3 c4 8. Be2 b5 9. O-O Bb7 10. Ne5 Be7 11. a3 Nbd7 12. Bg5 O-O 13. f4 Ne4 14.
Nxe4 dxe4 15. Bxe7 Qxe7 16. Nxd7 Qxd7 17. Qd2 f5 18.
Qa5 Qd8 19. Qxd8 Rfxd8 20. Rfc1 Bd5 21. Kf2 Kf7 22. g4 g6 23. g5 h5 24. h4 Rdc8 25.
Ke1 a5 26. Kd2 Ke7 27. Rc2 Kd6 28. Rac1 Rab8 29. b3 Rc6 30. bxc4 bxc4 31. Bxc4 Bxc4 32. Rxc4 Rxc4 33. Rxc4 Rb2+ 34. Rc2 Rb3 35. Rc3 Rb2+ 36. Rc2 Rb3 37. Rc5 Rxa3 38. Rb5 Ra2+ 39. Ke1 a4 40. Rb6+ Kd5 41. Rxg6 Kc4 42. Ra6 Kd3 43.
g6 Kxe3 44. Kf1 Kf3 45. Kg1 e3 46. g7 e2 47. Re6 Ra1+ 48. Kh2 e1=Q 49. Rxe1 Rxe1 50.
g8=Q Re2+ 51. Kh3 Kxf4 52. Qg3+ Ke4 53. Qe5+ Kd3 54. Qxf5+ Kxd4 55. Qxh5 Re3+ 56. Kg4 a3 57. Qh8+ Kc4 58. Qa1 Rb3 59. h5 1-0

[Event "Early-Titled-Tuesday-Blitz-March-05-2024"]
[Site "Chess.com"]
[Date "2024.03.05"]
[Round "7"]
[White "emeli_chess"]
[Black "AlexandraSamaganova"]
[Result "1/2-1/2"]
[WhiteElo "2428"]
[BlackElo "2300"]
[TimeControl "180+1"]
[EndTime "9:21:00 PST"]
[Termination "Game drawn by repetition"]

1. d4 Nf6 2. c4 e6 3. Nc3 Bb4 4. Qc2 b6 5. e4 d5 6. e5 Nfd7 7. Nf3 O-O 8. Bd3 f5 9. exf6 Nxf6 10. O-O Bxc3 11. bxc3 Nbd7 12. Bg5 Qe8 13. Rae1 Qh5 14. Qe2 Re8 15. Bf4 c5 16. Ne5 Qxe2 17. Rxe2 Nf8 18.
Rfe1 cxd4 19. cxd4 Ba6 20. cxd5 Bxd3 21. Nxd3 Nxd5 22. Bd6 Nc3 23. Rc2 Nb5 24. Be5 Rac8 25. Rec1 Rcd8 26. Rc4 Ng6 27. a4 Nxe5 28. dxe5 Rxd3 29.
axb5 Red8 30. g3 R3d5 31. Rc7 Rxb5 32. Rxa7 Rxe5 33. Rcc7 Rg5 34. Rcb7 b5 35. Re7 h5 36. h4 Rg6 37. Rab7 Kh7 38. Rxb5 Kh6 39. Re5 Rd6 40.
Kg2 Rf6 41. Re3 Rd2 42. Rf3 Rxf3 43. Kxf3 Rd6 44. Kf4 Kg6 45. Ke5 Rd2 46. Rxe6+ Kf7 47. Ra6 Rxf2 48. Ke4 Kg8 49. Ra5 g6 50. Ra7 Rf1 51.
Ke5 Rf2 52. Ke4 Rf1 53. Ra3 Rf2 54. Rf3 Re2+ 55. Kf4 Kg7 56. Ra3 Re7 57. Ra5 Rf7+ 58. Kg5 Re7 59. Rb5 Rd7 60. Rb6 Rd5+ 61. Kf4 Rd7 62.
Kg5 Rd5+ 63. Kf4 Rd4+ 64. Kf3 Rd3+ 65. Kf4 Rd4+ 66. Kf3 Rd3+ 67. Kf4 Rd4+ 1/2-1/2

[Event "Early-Titled-Tuesday-Blitz-March-05-2024"]
[Site "Chess.com"]
[Date "2024.03.05"]
[Round "7"]
[White "jk13"]
[Black "nicolasbatista3"]
[Result "0-1"]
[WhiteElo "2683"]
[BlackElo "2500"]
[TimeControl "180+1"]
[EndTime "9:21:01 PST"]
[Termination "nicolasbatista3 won by resignation"]

1. e4 c6 2. Nc3 d5 3. Nf3 Bg4 4. h3 Bxf3 5. Qxf3 e6 6. a3 Nf6 7. d3 Be7 8. g3 O-O 9. Bg2 Nbd7 10. O-O dxe4 11. dxe4 Qb6 12. Qe2 Rfd8 13. Kh1 e5 14. Rb1 Nf8 15. f4 exf4 16. gxf4 Ne6 17. e5 Nd4 18.
Qf2 Nh5 19. Be3 c5 20. Nd5 Rxd5 21. Bxd5 Qd8 22. Qg2 Nf5 23. Bf2 Nxf4 24. Bxf7+ Kxf7 25. Qg4 Qd5+ 26. Kh2 Qxe5 27. Bg3 Nxg3 28. Qxf4+ Qxf4 29. Rxf4+ Kg8 30. Rd1 Nh5 31. Re4 Re8 32. Kg2 Nf6 33. Re5 Kf7 34. c4 b6 35. Kf3 Rd8 36. Rxd8 Bxd8 37.
b4 Bc7 38. Re2 cxb4 39. axb4 Bd6 40. Rb2 Nd7 41. Ke4 Ke6 42. Rb3 Ne5 43. c5 bxc5 44.
bxc5 Bxc5 45. Rb7 Nf7 46. Rc7 Bb6 47. Rc6+ Ke7 48. Kd5 g5 49. Rc8 h5 50. Rg8 Kf6 51.
Rf8 Be3 52. Rg8 Bf4 53. Kc4 h4 54. Kb5 Be3 55. Ka6 Ne5 56. Re8 Kg6 57. Rxe5 Bf4 58.
Re4 Kf5 59. Rc4 g4 60. hxg4+ Kxg4 61. Rc2 h3 62. Kb5 Be3 63. Kc4 Kg3 64. Kd3 Bf2 65.
Ke2 h2 66. Rc3+ Kg2 67. Rc1 a5 68. Ra1 a4 69. Rxa4 h1=Q 70. Rg4+ Bg3 71. Re4 Qf1+ 72. Ke3 Qf3+ 73. Kd4 Bf2+ 74. Kd5 Kg3 75. Ke5 Be1 76. Rxe1 Qc3+ 77. Ke4 Qxe1+ 78. Kf5 Qf2+ 0-1

[Event "Early-Titled-Tuesday-Blitz-March-05-2024"]
[Site "Chess.com"]
[Date "2024.03.05"]
[Round "7"]
[White "mishanick"]
[Black "maciek_92"]
[Result "1/2-1/2"]
[WhiteElo "3071"]
[BlackElo "2884"]
[TimeControl "180+1"]
[EndTime "9:21:02 PST"]
[Termination "Game drawn - insufficient material"]

1. d4 Nf6 2. c4 e6 3. Nf3 d5 4. Nc3 Be7 5. Bg5 O-O 6. e3 b6 7. Qc2 Bb7 8. Rd1 h6 9. Bxf6 Bxf6 10. cxd5 exd5 11. g3 Nd7 12. Bg2 Be7 13. O-O Nf6 14.
Ne5 a6 15. f4 Qd6 16. g4 Rad8 17.
h4 Nd7 18. g5 c5 19. Qf5 cxd4 20. exd4 b5 21. a3 Nb6 22. Qd3 Nc4 23. Rf2 Qb6 24.
Qg3 b4 25. axb4 Bxb4 26. Nxc4 dxc4 27. Bxb7 Qxb7 28. gxh6 g6 29. f5 Kh7 30. h5 g5 31.
d5 f6 32. Ne4 Rxd5 33. Rxd5 Qxd5 34. Qf3 Kxh6 35. Kg2 Qe5 36. Re2 Rg8 37. Nf2 Qd4 38. Ng4+ Kh7 39. Re6 Qxb2+ 40. Kh3 Rd8 41. Nxf6+ Kh8 42.
Ng4 Rd3 43. Ne3 Rd8 44. f6 Bd6 45. Ng4 Bf4 46. f7 Kg7 47. h6+ Kxf7 48. Re3 Qd4 49.
Ra3 Kg8 50. Qb7 Qd7 51. Qe4 Qf7 52. Qxf4 Qxf4 53. Rf3 Qf7 54. Rg3 Qg6 55. Kg2 Qe4+ 56. Rf3 Qg6 57. Kg3 Kh7 58. Nf6+ Qxf6 59. Rxf6 Rd3+ 60. Kg4 c3 61. Rxa6 Rd4+ 62. Kxg5 Rc4 63. Ra7+ Kh8 64. Ra8+ Kh7 65. Ra1 c2 66. Rc1 Rc5+ 67.
Kf4 Kxh6 68. Ke3 Rc8 69. Kd3 Re8 70. Rh1+ Kg6 71. Kd2 Kf7 72. Rf1+ Ke7 73. Re1+ Kd7 74. Rxe8 Kxe8 75. Kxc2 1/2-1/2

[Event "Early-Titled-Tuesday-Blitz-March-05-2024"]
[Site "Chess.com"]
[Date "2024.03.05"]
[Round "7"]
[White "Nuvas"]
[Black "Yeritsyaan"]
[Result "1/2-1/2"]
[WhiteElo "2805"]
[BlackElo "2614"]
[TimeControl "180+1"]
[EndTime "9:21:15 PST"]
[Termination "Game drawn - insufficient material"]

1. d4 Nf6 2. c4 c5 3. d5 b5 4.
cxb5 a6 5. bxa6 e6 6. Nc3 exd5 7.
Nxd5 Be7 8. e4 O-O 9. Bd3 Nxa6 10. Nxe7+ Qxe7 11. Ne2 Nb4 12. Bb1 Nxe4 13. O-O Bb7 14. a3 Rfe8 15. Bf4 Nc6 16. Re1 Qf6 17. f3 Ng5 18. Bxg5 Qxg5 19. Be4 Rad8 20. Nc3 d5 21.
Nxd5 Nd4 22. Qc1 Qxc1 23. Raxc1 Bxd5 24. Bxd5 Ne2+ 25. Rxe2 Rxe2 26. Rxc5 Rxb2 27. h4 h6 28. a4 Rb1+ 29. Kh2 Ra1 30. a5 Rd7 31. Bc4 g6 32. a6 Kg7 33. h5 g5 34. Rc6 Ra7 35. Rb6 Ra5 36. Rb7 R5xa6 37. Bxa6 Rxa6 38. Rb4 Rf6 39. Kg3 Re6 40. Rb5 Rd6 41. Re5 Rf6 42. Re4 Rf5 43. Kg4 Rf6 44. Rb4 Re6 45. Kh3 Rf6 46. Kg3 Re6 47. Kf2 Rf6 48. Re4 Rd6 49. Re2 Rf6 50.
Rd2 Rf4 51. Ke3 Rh4 52. g4 Rh1 53. Re2 Ra1 54. Kf2 Ra6 55. Kg3 Rf6 56. Rb2 Re6 57. Rb5 Rf6 58. Rb7 Re6 59. Rb3 Rf6 60. Re3 Rd6 61. f4 gxf4+ 62. Kxf4 Rf6+ 63. Kg3 Rd6 64.
Re5 Rf6 65. Kh4 Rd6 66. Rf5 Re6 67. Rb5 Rd6 68. g5 Rd4+ 69. Kg3 hxg5 70. Rxg5+ Kh6 71. Rf5 Rd7 72. Kf4 Re7 73. Kg4 Re4+ 74. Kf3 Re7 75. Kf4 Re1 76. Ra5 Rf1+ 77. Kg4 f5+ 78. Rxf5 Rxf5 79.
Kxf5 Kxh5 1/2-1/2

[Event "Early-Titled-Tuesday-Blitz-March-05-2024"]
[Site "Chess.com"]
[Date "2024.03.05"]
[Round "7"]
[White "bazar-wokzal"]
[Black "AccioChess"]
[Result "0-1"]
[WhiteElo "2566"]
[BlackElo "2362"]
[TimeControl "180+1"]
[EndTime "9:21:21 PST"]
[Termination "AccioChess won by checkmate"]

1. e4 c5 2. c3 Nf6 3. e5 Nd5 4. d4 cxd4 5. cxd4 d6 6. Bc4 Nb6 7. Bb3 dxe5 8. Qh5 e6 9. dxe5 Bb4+ 10. Nc3 Nc6 11. Nf3 Qd3 12. Bd2 Nc4 13. O-O-O Nxd2 14. Rxd2 Qg6 15. Qh3 Bxc3 16. bxc3 h5 17. Rhd1 Qg4 18.
Qg3 Qxg3 19. hxg3 Ke7 20. Kb2 Rd8 21. Rxd8 Nxd8 22. Nd4 Bd7 23. f4 Rc8 24. Rh1 g6 25.
g4 hxg4 26. Rh4 Nc6 27. Rxg4 Rh8 28. Nf3 Rh1 29. Rh4 Rf1 30. Rh2 Rf2+ 31. Ka3 Na5 32. Nd4 Rxf4 33. Rh8 Nc6 34. Nf3 Re4 35. Ra8 a6 36. Bc2 Re2 37. Bd3 Re3 38. Bf1 Nxe5 39. Nxe5 Rxe5 40. Kb4 Bc6 41. Rc8 Kd7 42. Rf8 f5 43.
Rf7+ Kd6 44. Rg7 Re4+ 45. c4 Rg4 46. a4 Bxg2 47. Bxg2 Rxg2 48. Kc3 Rg3+ 49. Kb4 b6 50. Rb7 a5+ 51. Kb5 Rb3+ 52. Ka6 g5 53. Rxb6+ Rxb6+ 54.
Kxb6 g4 55. c5+ Kd7 56. Kb7 g3 57. c6+ Kd6 58. c7 g2 59. c8=Q g1=Q 60. Qc7+ Kd5 61.
Qxa5+ Ke4 62. Qb4+ Qd4 63. Qxd4+ Kxd4 64. a5 f4 65. a6 f3 66. a7 f2 67. a8=Q f1=Q 68.
Qa4+ Qc4 69. Qd1+ Ke5 70. Qh5+ Kd6 71. Qh6 Qc6+ 72. Ka7 Qc5+ 73. Kb7 Qb5+ 74. Ka7 Kd5 75. Qd2+ Kc6 76. Qg2+ Qd5 77. Qg6 Qa5+ 78. Kb8 Qc7+ 79.
Ka8 Qb7# 0-1

[Event "Early-Titled-Tuesday-Blitz-March-05-2024"]
[Site "Chess.com"]
[Date "2024.03.05"]
[Round "7"]
[White "goldihouse"]
[Black "JG-17"]
[Result "1-0"]
[WhiteElo "2650"]
[BlackElo "2493"]
[TimeControl "180+1"]
[EndTime "9:21:23 PST"]
[Termination "goldihouse won on time"]

1. c4 Nf6 2. g3 d5 3. Bg2 dxc4 4. Qa4+ Bd7 5. Qxc4 Bc6 6. Nf3 e6 7. O-O Bd6 8. d3 O-O 9. Qc2 b6 10. Nbd2 Bb7 11. Nc4 Be7 12. Bf4 c5 13. Rfc1 Nd5 14.
Bd2 Nc6 15. a3 Bf6 16. Rab1 Nd4 17. Qd1 Rb8 18. b4 cxb4 19. axb4 Nxf3+ 20. Bxf3 Ne7 21. Bxb7 Rxb7 22. Qa4 e5 23. Rc2 Nf5 24. Bc3 Qe7 25.
b5 Re8 26. Bb4 Qd7 27. Rbc1 Nd4 28. Ra2 Rc8 29. Rb1 Rbc7 30. Bc3 h5 31. Bxd4 exd4 32.
Qb4 h4 33. Qe1 h3 34. Qf1 Rc5 35. Rba1 R8c7 36. f3 Rh5 37. f4 Rd5 38. Qf3 Rdc5 39. Qa8+ Kh7 40. Rxa7 g6 41. Rxc7 Rxc7 42. Rb1 Qf5 43.
Qf3 Re7 44. Nd6 Qe6 45. Ne4 Kg7 46. Rc1 Qd5 47. Kf1 Qxb5 48. f5 g5 49. g4 Qe5 50.
Qxh3 b5 51. Qg3 b4 52. Qxe5 Bxe5 53. Rb1 Rb7 54. Rb3 Bxh2 55. Nxg5 Bf4 56. Nf3 Be3 57. Ne5 Bd2 58. Kg2 Bc3 59. Nc4 Ra7 60. Rb1 Ra2 61. Kf3 Kf6 62. Rh1 Ke7 63. g5 b3 64. Rb1 b2 65.
Nxb2 Rxb2 66. Ra1 Rc2 67. Ra7+ Kf8 68. g6 fxg6 69. fxg6 Rc1 70. Ra6 Rg1 71. e3 Rf1+ 72. Kg2 Re1 73. exd4 Bxd4 74. Rc6 Re2+ 75. Kf3 Ra2 76. Ke4 Ba7 77. Rc8+ Kg7 78. Rc6 1-0

[Event "Early-Titled-Tuesday-Blitz-March-05-2024"]
[Site "Chess.com"]
[Date "2024.03.05"]
[Round "7"]
[White "MITerryble"]
[Black "DuleMudule"]
[Result "1/2-1/2"]
[WhiteElo "3026"]
[BlackElo "2872"]
[TimeControl "180+1"]
[EndTime "9:21:37 PST"]
[Termination "Game drawn by repetition"]

1. d4 d5 2. Bg5 f6 3. Bc1 c5 4. dxc5 e5 5. e4 Be6 6. exd5 Qxd5 7. Qxd5 Bxd5 8. Nc3 Bc6 9. Be3 Ne7 10. Nb5 Nd5 11.
O-O-O Na6 12. Nd6+ Bxd6 13. cxd6 Nxe3 14. fxe3 Nc5 15.
Nf3 Ne4 16. Rg1 O-O-O 17. Bd3 Nxd6 18. Nh4 e4 19. Be2 g5 20. Rxd6 Rxd6 21. Nf5 Rdd8 22. Rf1 Kc7 23. Nd4 Bd7 24. Rxf6 Rdf8 25. Rh6 Rf2 26.
g3 Be8 27. b3 Bg6 28. h4 Rh2 29.
Kb2 gxh4 30. gxh4 a6 31. a4 Kb8 32. h5 Be8 33. a5 Bd7 34. Rf6 Bc8 35. Rf7 Rd8 36. Bd1 Rh3 37. Rxh7 Rxe3 38. c3 Re1 39.
Bc2 Re8 40. Rg7 Rh1 41. Rg5 e3 42. Bd3 Rh2+ 43. Ka3 Rd2 44. Bc4 Rh2 45. Be2 Bd7 46. Kb4 Bb5 47. Bxb5 axb5 48. Rg1 Rxh5 49. Re1 Rhe5 50.
Nxb5 e2 51. Nd4 Re4 52. Kc4 Re3 53. Kb4 Rc8 54. c4 Rce8 55. Kc5 R8e5+ 56. Kb4 R5e4 57. Kc5 Re5+ 58. Kb4 Kc7 59. Nb5+ Kc6 60. Nc3 Rd3 61. Rxe2 Rxe2 62. Nxe2 Re3 63. Nd4+ Kc7 64. Kc5 Kb8 65. b4 Rh3 66. Kb5 Rh5+ 67. c5 Rh4 68. Nb3 Rh6 69.
Nd2 Rh4 70. Nc4 Rd4 71. Nb6 Kc7 72. Ka4 Kc6 73. Na8 Kd5 74. Kb5 Ke6 75. Nb6 Ke7 76.
Nc4 Kd8 77. Nd6 Kc7 78. Ne8+ Kb8 79. Nd6 Kc7 80. Nc4 Rd5 81. Ne3 Rd3 82. Nc2 Rd1 83. Na3 Rd4 84. Nc4 Rd3 85. Nd6 Rd4 1/2-1/2

[Event "Early-Titled-Tuesday-Blitz-March-05-2024"]
[Site "Chess.com"]
[Date "2024.03.05"]
[Round "7"]
[White "Neijin"]
[Black "ckgchess"]
[Result "0-1"]
[WhiteElo "2727"]
[BlackElo "2909"]
[TimeControl "180+1"]
[EndTime "9:21:39 PST"]
[Termination "ckgchess won by resignation"]

1. e4 c5 2. Nf3 d6 3. d4 cxd4 4. Nxd4 Nf6 5. Nc3 e5 6. Bb5+ Nbd7 7. Nf5 a6 8. Bxd7+ Qxd7 9. Ne3 Be7 10. Ned5 Nxd5 11.
Nxd5 Bd8 12. a4 O-O 13. O-O Qc6 14. Qd3 Be6 15. Be3 Rc8 16. c3 f5 17. f3 Bxd5 18.
Qxd5+ Qxd5 19. exd5 Kf7 20. Rfc1 Bf6 21. c4 e4 22.
Rab1 exf3 23. gxf3 Rfe8 24. Bf2 Re2 25. b4 Bb2 26.
Kf1 Bxc1 27. Kxe2 Rxc4 28. Kd3 Rc8 29. b5 a5 30. Bb6 Bf4 31. h3 Be5 32. Bxa5 Ra8 33.
Bd2 Rxa4 34. Rc1 Ra3+ 35. Ke2 b6 36. Rc7+ Kg6 37. Rd7 Rb3 38. f4 Bf6 39. Rxd6 Rxb5 40. Be3 Rb2+ 41. Kf3 b5 42. Rb6 Rb3 43. Ke2 Rb2+ 44.
Kf3 Rb1 45. Ke2 b4 46. d6 Kf7 47. Bc5 b3 48. Rb7+ Ke6 49. d7 b2 50. Bd4 Bd8 51.
Rxb2 Rxb2+ 52. Bxb2 g6 53. Kf3 Kxd7 54. Bc1 Ke6 55.
Bd2 Kd5 56. Be1 Kc4 57. Bf2 Kd3 58. Bc5 Bf6 59. Bd6 Bd4 60. Be5 Kc4 61. Bb8 Kd5 62. Bc7 Bc5 63. Ba5 Bd6 64. Bd2 Kc4 65. Be3 Kd3 66. Bb6 Kc2 67. Bd4 Kd1 68. Be5 Be7 69. Kf2 Kd2 70. Kf3 Ke1 71. Bd4 Kf1 72. Bf2 Bd8 73.
Bg3 Bc7 74. Bh4 Kg1 75. Bg5 Kh2 76. h4 h5 77. Bf6 Kh3 78. Bg5 Ba5 79. Ke3 Kg4 80.
Kd4 Be1 81. Ke5 Bxh4 82. Kf6 Bxg5+ 83. fxg5 f4 84. Kxg6 f3 85. Kh6 f2 86. g6 f1=Q 87. g7 Qf6+ 0-1

[Event "Early-Titled-Tuesday-Blitz-March-05-2024"]
[Site "Chess.com"]
[Date "2024.03.05"]
[Round "7"]
[White "Hui_Li_Macau"]
[Black "LangesNasenhaar"]
[Result "0-1"]
[WhiteElo "2383"]
[BlackElo "2525"]
[TimeControl "180+1"]
[EndTime "9:21:39 PST"]
[Termination "LangesNasenhaar won by resignation"]

1. e4 d6 2. d4 Nf6 3. Nc3 e5 4. dxe5 dxe5 5. Qxd8+ Kxd8 6. Bg5 Be6 7. O-O-O+ Nd7 8.
f4 exf4 9. Nf3 h6 10. Bxf4 Ng4 11. Bg3 c6 12. Be2 Bc5 13. Nd4 Bxd4 14. Rxd4 Ke8 15. Bf3 Nge5 16. Rhd1 Ke7 17. Re1 Rhd8 18. Nd5+ cxd5 19.
exd5 Nxf3 20. gxf3 Nf8 21. c4 Rac8 22. Kb1 Kf6 23.
dxe6 Nxe6 24. Rxd8 Rxd8 25. b3 Rd3 26. Kc2 Rxf3 27. Rd1 Ke7 28. Bd6+ Ke8 29. Bg3 g5 30.
Rd5 h5 31. Kd1 h4 32. Ke2 Rf6 33. Bb8 Rg6 34. Kf1 a6 35. Kg2 g4 36. Kg1 g3 37.
hxg3 hxg3 38. Kg2 Ke7 39. Be5 f6 40. Bb8 f5 41. Rxf5 Nd4 42. Re5+ Kf6 43. Re4 Nf5 44. Rf4 Ke6 45. Re4+ Kd7 46. Re2 Rg4 47. Rd2+ Kc6 48.
Kf3 Rg8 49. Kg2 Rxb8 50. Kf3 Rf8 51. Kg4 Kc5 52. Rd5+ Kb4 53. Rd7 b5 54. cxb5 axb5 55. Kh3 Rh8+ 56. Kg2 Rh2+ 57. Kg1 Rxa2 58. Rf7 Nd4 59. Rf4 Kc3 60. Rg4 Rd2 61. Rxg3+ Rd3 62. Rg5 Kxb3 63. Kf2 b4 64. Ke1 Rc3 65. Kd2 Nc2 66.
Rg8 Nd4 67. Rd8 Nf3+ 68. Ke2 Ne5 69. Rb8 Nc4 70. Kd1 Rd3+ 71. Ke2 Rh3 72. Kd1 Kc3 73.
Ke2 b3 74. Kd1 b2 75. Ke2 Rh1 76. Rg8 b1=Q 77. Rg3+ Kb4 78. Rd3 Qc2+ 0-1

[Event "Early-Titled-Tuesday-Blitz-March-05-2024"]
[Site "Chess.com"]
[Date "2024.03.05"]
[Round "7"]
[White "ACollins05"]
[Black "Hope_6"]
[Result "0-1"]
[WhiteElo "2613"]
[BlackElo "2819"]
[TimeControl "180+1"]
[EndTime "9:21:40 PST"]
[Termination "Hope_6 won by checkmate"]

1. d4 d5 2. c4 e6 3. Nf3 Nf6 4. g3 Bb4+ 5. Nbd2 O-O 6. Bg2 dxc4 7. Qc2 Bd7 8. Qxc4 Bxd2+ 9. Bxd2 Bc6 10. O-O Nbd7 11.
Bg5 h6 12. Bxf6 Nxf6 13. e3 Be4 14. Rac1 c6 15. Ne5 Bxg2 16. Kxg2 Qd5+ 17. Kg1 Rfd8 18. Rc2 Ne4 19. Rfc1 a6 20. Qxd5 exd5 21. Nd3 Nd6 22. Nc5 Re8 23. Rc3 Re7 24. Rb3 f5 25. a4 Kf7 26.
Rcc3 Rc8 27. Nd3 Nc4 28. Nc5 Rcc7 29. Rc1 g5 30. Nd3 Kf6 31. Rbc3 h5 32. b3 Nd6 33. Nb4 Rcd7 34. Nd3 Ne4 35. R3c2 h4 36. Ne5 Rc7 37. b4 Nd6 38. Rc5 Rh7 39. Kg2 Ne4 40. R5c2 Nd6 41.
Rc5 Rce7 42. R5c2 Re8 43. Nd3 Reh8 44. Ne5 hxg3 45. hxg3 Rh2+ 46. Kf3 Ne4 47. Nd3 R8h3 48. b5 axb5 49. axb5 g4+ 50. Ke2 Nxg3+ 51. Kd2 Ne4+ 52. Ke2 f4 53. exf4 cxb5 54. Rc7 Nxf2 55. Nxf2 g3 56. Rf1 gxf2 57. Rxf2 Rxf2+ 58. Kxf2 Rd3 59. Rxb7 Rxd4 60. Rxb5 Rxf4+ 61. Ke3 Re4+ 62. Kd3 Ke5 63. Kd2 Rh4 64.
Rb3 Rf4 65. Rh3 Ke4 66. Ra3 Rf2+ 67. Ke1 Rb2 68. Kd1 Rb4 69. Rh3 Rd4+ 70. Ke2 Ke5 71. Rg3 Ra4 72. Kd1 Ra2 73. Rh3 Kd6 74. Rg3 Kc5 75.
Rh3 Kc4 76. Rg3 Rf2 77. Rh3 Rf4 78. Rg3 Rd4+ 79. Kc2 Re4 80. Kd1 Kd4 81. Rh3 Re3 82.
Rh8 Rg3 83. Rf8 Kd3 84. Rd8 Rg1# 0-1

[Event "Early-Titled-Tuesday-Blitz-March-05-2024"]
[Site "Chess.com"]
[Date "2024.03.05"]
[Round "7"]
[White "annamaja"]
[Black "RantomOpening"]
[Result "1/2-1/2"]
[WhiteElo "2455"]
[BlackElo "2577"]
[TimeControl "180+1"]
[EndTime "9:21:43 PST"]
[Termination "Game drawn by stalemate"]

1. e4 c5 2. Nf3 e6 3. d4 cxd4 4. Nxd4 Nf6 5. Bd3 Nc6 6. Nb3 d5 7. exd5 exd5 8. O-O Be7 9. Re1 O-O 10. Nc3 Be6 11.
Bf4 Rc8 12. h3 Nb4 13. Be2 Re8 14. Nd4 Bc5 15. Bb5 Bxd4 16. Bxe8 Qxe8 17. Qxd4 Nxc2 18. Qxa7 Nxe1 19. Rxe1 Qc6 20. Qd4 h6 21. Bxh6 Qc4 22. Be3 Ne4 23. Nxe4 dxe4 24. Qe5 Rd8 25. Rc1 Qxa2 26.
Bd4 f6 27. Qxe4 Qd5 28. Qxd5 Rxd5 29. Bc3 Rd7 30. f3 Bd5 31. Kf2 Kf7 32. Rd1 Bc6 33.
Ra1 Re7 34. Ra5 Kg6 35. g4 Kf7 36. h4 Rd7 37. g5 Rd3 38. Rf5 Kg6 39. Rf4 fxg5 40.
hxg5 Kxg5 41. Rg4+ Kf5 42. Rxg7 Rxf3+ 43. Ke2 Ke6 44. Kd2 Rh3 45. Kc2 Bd5 46. Rg6+ Kd7 47. Rg7+ Kc6 48. Kd2 Rh2+ 49. Kd3 b5 50. Kd4 Bc4 51.
Rg6+ Kb7 52. Kc5 Rh5+ 53. Kb4 Bd3 54. Bd4 Bxg6 55. Bc5 Bd3 56. Bd4 Rh4 57. Kc3 Rxd4 58. Kxd4 Bf1 59. Kc3 Ka6 60. Kb3 Kb6 61. Ka3 Kc5 62.
Ka2 Kb4 63. Kb1 Kb3 64. Ka1 Kc2 65. Ka2 b4 66. Ka1 Kb3 67. Kb1 Kc4 68. Ka1 Kd3 69. Kb1 Kd2 70. Ka1 Kc2 71. Ka2 Bd3 72. Ka1 Kc1 73.
Ka2 Bc2 74. Ka1 Kd2 75. Ka2 Kd3 76. Ka1 Bd1 77. Ka2 Kc4 78. Ka1 Kb3 79. Kb1 Ka4 80.
Ka1 Kb5 81. Kb1 b3 82. Ka1 Bf3 83. Kb1 Bd5 84. Ka1 Bc4 85. Kb1 Kc6 86. Ka1 Kd5 87.
Kb1 Kc6 88. Ka1 Kb7 89. Kb1 Kc7 90. Ka1 Kd7 91. Kb1 Ke7 92. Ka1 Kf7 93. Kb1 Kg7 94.
Ka1 Kh7 95. Kb1 Kh6 96. Ka1 Kh5 97. Kb1 Kh4 98. Ka1 Kh3 99. Kb1 Kh2 100. Ka1 Kh1 101. Kb1 Be2 102. Ka1 Bf1 103. Kb1 Kg1 104. Ka1 Bg2 105. Kb1 Kh2 106. Ka1 Bh1 107. Kb1 Kg3 108. Ka1 Kf3 109. Kb1 Ke2 110. Ka1 Kd3 111. Kb1 Kd2 112. Ka1 Kd3 113.
Kb1 Kc4 114. Ka1 Kb5 115. Kb1 Ka5 116. Ka1 Be4 1/2-1/2